 Dungeon Crawl Stone Soup version 0.25-a0-701-gb30f108f01 (webtiles) character file.

Game seed: 9042795771922308055, levelgen mode: deterministic

395 DasRunzen the Twirler (level 6, 0/52 HPs)
             Began as a Draconian Gladiator on Apr 3, 2020.
             Shot with an arrow by a centaur (2 damage)
             ... on level 5 of the Dungeon.
             The game lasted 00:06:37 (3692 turns).

DasRunzen the Twirler (Draconian Gladiator)         Turns: 3692, Time: 00:06:37

Health: 0/52       AC:  8    Str: 16    XL:     6   Next: 52%
Magic:  10/10      EV: 14    Int: 10    God:
Gold:   238        SH:  0    Dex: 13    Spells: 10/10 levels left

rFire    . . .     SeeInvis .   a - +1 quarterstaff
rCold    . . .     Gourm    .   (shield currently unavailable)
rNeg     . . .     Faith    .   (armour unavailable)
rPois    .         Spirit   .   b - +0 hat
rElec    .         Reflect  .   (no cloak)
rCorr    .         Harm     .   j - +0 pair of gloves (curse)
MR       .....                  q - +0 pair of boots
Stlth    +.........             i - amulet of magic regeneration
HPRegen  0.17/turn              (no ring)
MPRegen  0.37/turn              (no ring)

@: no status effects
A: unfitting armour, cold-blooded, AC +6
a: no special abilities


You were on level 5 of the Dungeon.
You were not hungry.

You visited 1 branch of the dungeon, and saw 5 of its levels.

You collected 238 gold pieces.

Inventory:

Hand Weapons
 a - a +1 quarterstaff (weapon)
Missiles
 c - 3 throwing nets (quivered)
Armour
 b - a +0 hat (worn)
 j - a cursed +0 pair of gloves (worn)
 q - a +0 pair of boots (worn)
Jewellery
 e - an uncursed ring of ice
 f - an uncursed ring of fire
 i - an amulet of magic regeneration (around neck)
Scrolls
 k - a scroll of magic mapping
 m - 3 scrolls of teleportation
 o - 4 scrolls of remove curse
 t - a scroll of amnesia
Potions
 g - 2 potions of brilliance
 h - a potion of flight
 l - 2 potions of lignification {unknown}
 n - a potion of might {unknown}
 p - a potion of berserk rage {unknown}
 r - a potion of ambrosia {unknown}
 s - a potion of haste {unknown}
Comestibles
 d - 9 rations


   Skills:
 + Level 4.2 Fighting
 + Level 4.5 Staves
 - Level 1.7 Throwing
 + Level 4.0 Dodging
 + Level 2.8 Spellcasting


You had 10 spell levels left.
You didn't know any spells.
Your spell library was empty.

Dungeon Overview and Level Annotations

Branches:
Dungeon (5/15)
 Temple: D:4-7

Altars:
Ashenzari
Kikubaaqudgha
Nemelex Xobeh

Annotations:
D:3 1 runed translucent door, KiliKikkendorf's ghost, amateur HOFi


Innate Abilities, Weirdness & Mutations

Your plain brown scales are hard. (AC +6)
You cannot fit into any form of body armour.
You are cold-blooded and may be slowed by cold attacks.


Message History

You hit the sky beast but do no damage. The sky beast hits you.
The sky beast shocks you.
You hit the sky beast but do no damage. The sky beast closely misses you.
You hit the sky beast but do no damage.
You tail-slap the sky beast, but do no damage.
The sky beast barely misses you. The dart slug launches a dart at you.
The slug dart misses you.
A shadow imp comes into view.
The shadow imp shouts!
The sky beast barely misses you.
Found a scroll of identify.
The centaur shoots an arrow.
The arrow hits you!
* * * LOW HITPOINT WARNING * * *
The centaur shoots an arrow.
The arrow completely misses you.
The centaur shoots an arrow.
The arrow closely misses you. The shadow imp hits you.
* * * LOW HITPOINT WARNING * * *
The centaur shoots an arrow.
The arrow hits you.
You die...

## .#..... #... .##.......#
.... #.#..
.........##...#.####. .....
..<..............?...#
.....##....................#
......#....................#
.........##................#
.. #..รท.##...c............#
..#.#...<..@.5(..w.........#
........##..##Y............#
###.#.#..).................#
#.........###.......((...#
######.....#########..##..
#.......# ###.##..
#.......########.(.....
#.......##.....(.......
#.......##...(.........


You could see a sky beast, a centaur, a shadow imp and a dart slug.

Vanquished Creatures
  An ogre (D:4)
  Blork the orc (D:3)
  A howler monkey (D:3)
  3 worker ants
  Robin (D:4)
  4 adders
  A worm (D:2)
  2 dart slugs (D:2)
  3 leopard geckos
  2 orcs (D:3)
  14 bats
  5 giant cockroaches
  15 goblins
  7 hobgoblins
  4 jackals (D:2)
  6 kobolds
  4 quokkas
  3 ball pythons (D:3)
  3 frilled lizards
  6 rats
86 creatures vanquished.

Notes
Turn   | Place    | Note
-------+----------+-------------------------------------------
     0 | D:1      | DasRunzen the Draconian Gladiator began the quest for the
                  | Orb.
     0 | D:1      | Reached XP level 1. HP: 17/17 MP: 1/1
   517 | D:1      | Reached XP level 2. HP: 23/25 MP: 2/2
  1115 | D:1      | Reached skill level 1 in Spellcasting
  1267 | D:2      | Found a shattered altar of Ashenzari.
  1275 | D:2      | Reached XP level 3. HP: 30/30 MP: 4/4
  1792 | D:2      | Reached XP level 4. HP: 35/38 MP: 6/6
  2438 | D:3      | Found a runed translucent door.
  2438 | D:3      | Noticed a bullfrog
  2440 | D:3      | Noticed KiliKikkendorf's ghost (amateur HOFi)
  2475 | D:3      | Found an ancient bone altar of Kikubaaqudgha.
  2502 | D:3      | Found a sparkling altar of Nemelex Xobeh.
  2794 | D:4      | Noticed an ogre
  2811 | D:4      | Reached XP level 5. HP: 39/45 MP: 6/8
  2896 | D:4      | Killed an ogre
  2898 | D:4      | Noticed Robin
  2900 | D:4      | Noticed Blork the orc
  3108 | D:3      | Killed Blork the orc
  3108 | D:3      | Reached XP level 6. HP: 18/52 MP: 9/9
  3333 | D:4      | Killed Robin
  3633 | D:5      | Entered Level 5 of the Dungeon
  3668 | D:5      | Noticed a sky beast
  3688 | D:5      | HP: 1/52 [shadow imp (5)]
  3692 | D:5      | Shot with an arrow by a centaur

Levels and vault maps discovered:
D:1:      wander_arrival_chamber, layout_loops_ring, serial_bayou,
          serial_bayou_pond_c, serial_bayou_lagoon_a, serial_bayou_shore_b,
          serial_bayou_ford_a
D:2:      layout_basic, evilmike_ruin_ashenzari, first_ration
D:3:      layout_loops_ring, lemuel_coloured_pillars_altar,
          ebering_ghost_sewer_d, nemelex_diamond_rough_becter
D:4:      layout_cave_pools, minmay_bisected, uniq_robin, uniq_blork_the_orc
D:5:      layout_basic, old_standard_altar, serial_shops, shop_fountains

Skill      XL: |  1  2  3  4  5  6 |
---------------+-------------------+-----
Dodging        | 3 4 |  4.0
Spellcasting   | 1 2 |  2.8
Fighting       | 3 4 |  4.2
Staves         | 4 |  4.5
Throwing       | |  1.7

Action                   |  1- 3 |  4- 6 || total
-------------------------+-------+-------++-------
Melee: Quarterstaff      |   140 |   126 ||   266
       Tailslap          |    17 |    23 ||    40
  Use: Scroll            |     2 |     7 ||     9
 Stab: Sleeping          |     1 |     2 ||     3
  Eat: Chunk             |     2 |     7 ||     9
Armor: Skin              |    51 |    46 ||    97
Dodge: Dodged            |   102 |   117 ||   219

Table legend:
 A = Non-vault XP
 B = Vault XP
 C = Vault XP percentage of total XP
 D = Non-vault monster count
 E = Vault monster count
 F = Vault count percentage of total count
                 A         B        C        D         E       F
            +---------+---------+-------+---------+---------+-------
      Total |     401 |     164 |  29.0 |      71 |      15 |  17.4
            +---------+---------+-------+---------+---------+-------
        D:1 |      36 |       0 |   0.0 |      22 |       0 |   0.0
        D:2 |      62 |       0 |   0.0 |      27 |       0 |   0.0
        D:3 |      89 |     109 |  55.1 |      13 |      11 |  45.8
        D:4 |     163 |      55 |  25.2 |       5 |       4 |  44.4
        D:5 |      51 |       0 |   0.0 |       4 |       0 |   0.0
            +---------+---------+-------+---------+---------+-------
